Map: Acid Plant LE

Players

ImTinyRick

  • Race: Terran Terran
  • League: Silver
  • Spawn Location: 5:00

MarzExile - Winner!

  • Race: Protoss Protoss
  • League: Silver
  • Spawn Location: 11:00

VOD

Have the link to the VOD?

Description

silver league

Time

  • Played on: May 23, 2018, 2:01 a.m.
  • Length: 16:49
Show
View Real Time Build Order
Export as new Build Order

ImTinyRick Terran 

Build Orders:  

Get SALT Encoding   

  12  0:01  SCV  
  13  0:13  SCV  
  14  0:17  Supply Depot  
  14  0:25  SCV  
  15  0:39  SCV  
  15  0:42  Barracks  
  16  0:46  Refinery  
  16  0:53  SCV  
  17  1:08  SCV  
  18  1:20  SCV  
  19  1:30  Barracks Reactor  
  19  1:34  Orbital Command  
  19  1:46  Command Center  
  19  1:59  Barracks  
  19  2:02  SCV  
  20  2:08  Marine x2  
  22  2:20  Supply Depot  
  22  2:32  Marine  
  23  2:41  Marine, SCV  
  25  2:47  Supply Depot, Barracks Tech Lab  
  25  2:58  SCV  
  25  2:59  Barracks  
  25  3:00  Orbital Command  
  25  3:04  Marine x2  
  28  3:06  Marauder  
  28  3:10  Stimpack  
  30  3:24  Factory  
  30  3:26  SCV x2  
  31  3:55  Marine x3  
  33  3:59  Barracks Reactor  
  33  4:02  Supply Depot  
  34  4:13  Marine  
  34  4:14  Marauder  
  34  4:16  Marine  
  38  4:18  Factory Tech Lab  
  38  4:23  Refinery  
  38  4:28  Supply Depot  
  38  4:30  Marine  
  39  4:34  Marine x2  
  41  4:39  Marine  
  42  4:48  Marine  
  42  4:51  Starport  
  43  4:53  Marine x2  
  43  4:54  Marine  
  43  4:57  Marine  
  47  5:06  Marine  
  48  5:11  Marine x2  
  48  5:12  Marauder  
  52  5:24  Marine x2  
  52  5:25  Siege Tank  
  57  5:29  Marine x2  
  57  5:35  Marine  
  60  5:40  SCV  
  60  5:42  Marine x2  
  63  5:47  Marine x2  
  64  5:53  Marine  
  65  6:00  Marine x2  
  65  6:03  Siege Tank  
  70  6:11  Supply Depot  
  70  6:32  Medivac, Marine x5  
  77  6:50  Marine  
  78  6:55  Supply Depot  
  78  6:58  Orbital Command  
  78  7:17  Marine x5  
  83  7:25  SCV x2  
  85  7:35  Marine  
  86  7:41  SCV  
  86  8:02  Supply Depot  
  86  8:24  Medivac, Marine x5  
  93  8:32  Command Center  
  94  8:34  SCV  
  94  8:45  Barracks  
  94  9:09  Supply Depot  
  94  9:18  Supply Depot  
  94  9:20  Refinery  
  94  9:31  Marine x4, SCV, Siege Tank  
  102  9:39  Marine  
  102  9:40  Medivac, SCV  
  102  9:43  SCV  
  107  9:46  Barracks Reactor  
  107  9:47  Engineering Bay  
  107  9:49  Marine x4  
  107  9:50  Engineering Bay  
  107  9:52  SCV  
  112  9:55  Supply Depot  
  112  9:56  Orbital Command  
  112  9:57  Marine  
  112  9:58  SCV  
  114  10:04  SCV  
  114  10:05  Siege Tank  
  114  10:06  Marine x4  
  122  10:09  Medivac  
  122  10:10  SCV  
  125  10:16  Marine  
  126  10:24  Marine  
  126  10:26  Refinery  
  126  10:28  SCV x2  
  129  10:29  Marine  
  129  10:30  Marine x2  
  129  10:32  Terran Infantry Weapons Level 1  
  129  10:34  Marine  
  129  10:37  Siege Tank  
  129  10:39  Medivac  
  129  10:42  Marine  
  129  10:47  Marine, Missile Turret  
  130  10:50  Missile Turret  
  130  10:56  Missile Turret  
  130  10:58  Missile Turret  
  130  11:01  Missile Turret  
  130  11:02  Terran Infantry Armor Level 1  
  130  11:04  Missile Turret  
  130  11:06  Marine x3  
  133  11:11  Missile Turret  
  133  11:20  Missile Turret x2  
  133  11:30  Supply Depot  
  133  11:35  Supply Depot  
  133  11:51  Medivac, Marine x4, SCV x2  
  133  11:52  Combat Shields  
  141  11:56  Supply Depot  
  141  11:57  Marine, Siege Tank  
  145  12:09  Marine x4  
  149  12:18  Marine  
  149  12:20  Armory  
  150  12:26  Supply Depot  
  150  12:27  Marine x4  
  154  12:33  Supply Depot  
  154  12:34  Supply Depot  
  154  12:35  Marine  
  155  12:40  SCV x2  
  157  12:47  Marine x4  
  161  12:53  Marine  
  161  12:55  Supply Depot  
  162  13:04  Supply Depot  
  162  13:05  Marine x4  
  162  13:10  Refinery  
  162  13:11  Marine, Thor  
  173  13:15  Viking  
  175  13:23  Marine x4  
  179  13:29  Marine  
  180  13:41  Marine x4  
  180  13:47  Marine  
  185  13:54  Thor  
  191  14:02  Supply Depot x2  
  191  14:06  Marine  
  191  14:07  Marine  
  193  14:29  Marine x3  
  193  14:30  Marine x2  
  195  14:36  Thor  
  190  14:43  Viking  
  192  14:47  Marine x4  
  196  14:55  Marine  
  197  15:05  Marine x3  
  110  15:46  Marine x5  
  87  15:50  Viking  
  69  16:04  Marine x5  
  47  16:21  Marine  
  47  16:22  Marine x4  
Show
View Real Time Build Order
Export as new Build Order

MarzExile Protoss - Winner!

Build Orders:  

Get SALT Encoding   

  12  0:01  Probe  
  13  0:13  Probe  
  14  0:21  Pylon  
  14  0:26  Probe  
  15  0:39  Probe  
  16  0:45  Forge  
  16  0:51  Probe  
  17  1:03  Probe  
  18  1:14  Assimilator  
  18  1:15  Probe  
  18  1:18  Assimilator  
  19  1:28  Probe  
  20  1:40  Probe  
  21  1:48  Nexus  
  21  1:52  Probe  
  22  2:04  Probe  
  23  2:13  Pylon  
  23  2:29  Pylon  
  23  2:31  Probe  
  24  2:39  Photon Cannon  
  24  2:43  Probe  
  25  2:48  Pylon  
  25  2:53  Photon Cannon  
  25  2:57  Photon Cannon  
  25  3:05  Photon Cannon  
  25  3:09  Photon Cannon  
  25  3:17  Pylon  
  25  3:23  Probe  
  26  3:34  Probe  
  27  3:35  Probe  
  28  3:46  Probe  
  28  3:47  Probe  
  30  3:53  Pylon  
  30  3:58  Probe  
  30  3:59  Probe  
  32  4:22  Pylon  
  32  4:33  Probe x2  
  32  4:36  Pylon  
  34  4:39  Photon Cannon  
  34  4:41  Photon Cannon  
  35  4:45  Probe x2  
  35  4:49  Assimilator  
  36  4:52  Assimilator  
  36  4:57  Probe  
  36  4:58  Probe  
  38  5:09  Probe  
  38  5:10  Probe  
  40  5:19  Pylon  
  40  5:21  Pylon  
  40  5:22  Probe x2  
  40  5:27  Pylon  
  42  5:29  Pylon  
  42  5:34  Probe x2  
  44  5:46  Probe x2  
  46  5:58  Probe  
  47  6:05  Gateway  
  47  6:07  Probe  
  48  6:12  Protoss Ground Weapons Level 1  
  48  6:16  Nexus  
  48  6:55  Cybernetics Core  
  48  7:19  Photon Cannon  
  48  7:20  Photon Cannon  
  48  7:24  Photon Cannon  
  48  7:29  Photon Cannon  
  48  7:31  Photon Cannon  
  48  7:41  Photon Cannon  
  48  7:44  Robotics Facility  
  48  7:46  Robotics Facility  
  48  7:47  Photon Cannon  
  48  7:50  Photon Cannon  
  48  7:52  Photon Cannon  
  48  7:54  Photon Cannon  
  48  7:56  Stargate  
  48  7:57  Photon Cannon  
  48  7:58  Protoss Air Weapons Level 1, Stargate  
  48  8:00  Stargate, Probe  
  48  8:03  Stargate  
  49  8:12  Probe  
  50  8:24  Twilight Council, Probe  
  51  8:32  Protoss Ground Armor Level 1  
  51  8:36  Probe  
  51  8:39  Immortal  
  56  8:42  Immortal  
  56  8:46  Void Ray  
  56  8:47  Void Ray  
  68  8:48  Probe  
  68  8:51  Void Ray x2  
  77  9:00  Probe  
  78  9:06  Assimilator  
  78  9:10  Assimilator  
  78  9:13  Probe  
  79  9:21  Observer  
  80  9:25  Probe  
  80  9:26  Fleet Beacon  
  80  9:29  Void Ray  
  80  9:30  Void Ray  
  89  9:34  Void Ray x2  
  89  9:37  Probe  
  98  9:43  Pylon  
  98  9:49  Protoss Air Armor Level 1, Probe  
  99  10:04  Pylon  
  99  10:05  Probe  
  100  10:08  Pylon  
  100  10:12  Void Ray  
  100  10:13  Void Ray, Immortal  
  112  10:16  Void Ray  
  112  10:19  Void Ray  
  107  10:43  Mothership  
  107  10:49  Probe  
  116  10:59  Void Ray x3  
  116  11:01  Probe  
  129  11:13  Probe  
  130  11:21  Photon Cannon  
  131  11:25  Probe  
  131  11:37  Probe, Pylon  
  131  11:39  Pylon  
  132  11:42  Pylon  
  132  11:46  Pylon  
  132  11:49  Probe  
  133  11:54  Pylon  
  133  11:55  Void Ray x2  
  141  12:02  Probe  
  142  12:11  Protoss Air Weapons Level 2  
  142  12:12  Immortal  
  142  12:14  Probe  
  147  12:17  Carrier  
  153  12:30  Probe  
  154  12:42  Probe  
  155  12:47  Pylon  
  155  12:50  Pylon  
  155  12:52  Pylon  
  155  12:57  Carrier  
  161  13:05  Carrier  
  161  13:09  Pylon  
  161  13:12  Pylon  
  167  13:18  Carrier  
  173  13:41  Graviton Catapult  
  173  13:50  Tempest  
  179  13:59  Protoss Shields Level 1  
  179  14:22  Tempest  
  180  14:31  Tempest  
  181  14:49  Carrier x2  
  193  15:05  Carrier  
Tags
 
Add a new tag
Caveats
  • Supply blocks, unpowered buildings, or Contaminate may cause inaccurate times.
  • Supply counts are checked every 10 seconds.